 Dungeon Crawl Stone Soup version 0.21.1-1-g345015f (webtiles) character file.

368 wilfster70 the Magician (level 6, -2/44 HPs)
             Began as a Gnoll Wizard on July 27, 2018.
             Slain by a bullfrog (7 damage)
             ... in a sewer on July 30, 2018.
             The game lasted 00:19:10 (4054 turns).

wilfster70 the Magician (Gnoll Wizard)              Turns: 4054, Time: 00:19:11

Health: -2/44      AC:  3    Str: 11    XL:     6   Next: 69%
Magic:  16/16      EV: 14    Int: 21    God:
Gold:   134        SH:  3    Dex: 13    Spells: 8/19 levels left

rFire    . . .     SeeInvis .   a - +1 dagger (speed)
rCold    . . .     Gourm    .   (no shield)
rNeg     . . .     Faith    .   i - +0 robe
rPois    .         Spirit   .   n - +1 hat
rElec    .         Reflect  +   (no cloak)
rCorr    .         Harm     .   (no gloves)
MR       .....                  (no boots)
Stlth    +++.......             c - +3 amulet of reflection
HPRegen  0.14/turn              g - ring of wizardry
MPRegen  0.15/turn              (no ring)

@: no status effects
A: distributed training, fangs 1, strong nose
a: no special abilities


You were in a sewer.
You were hungry.

You visited 1 branch of the dungeon, and saw 4 of its levels.
You also visited: Sewer.

You collected 134 gold pieces.

Inventory:

Hand Weapons
 a - a +1 dagger of speed (weapon)
 b - a +0 hunting sling
Missiles
 m - 19 sling bullets
 p - 2 tomahawks (quivered)
 s - 23 stones
Armour
 i - a +0 robe (worn)
 n - a +1 hat (worn)
 y - a +0 leather armour
Jewellery
 c - a +3 amulet of reflection (around neck)
 g - a ring of wizardry (left hand)
Scrolls
 e - a scroll of identify
 j - 3 scrolls of fog
 l - a scroll of remove curse
 o - a scroll of enchant armour
 v - 2 scrolls of teleportation {unknown}
 A - a scroll of magic mapping
Potions
 f - 2 potions of haste {unknown}
 h - 2 potions of curing
 k - 2 potions of might {unknown}
 r - a potion of agility {unknown}
 t - a potion of lignification {unknown}
 u - a potion of resistance {unknown}
 w - a potion of ambrosia {unknown}
 x - 2 potions of heal wounds {unknown}
 z - 3 potions of magic
Comestibles
 d - 4 rations
 q - 3 chunks of flesh


   Skills:
 + Level 2.0 Fighting
 + Level 2.0 Short Blades
 + Level 2.0 Long Blades
 + Level 2.0 Axes
 + Level 2.0 Maces & Flails
 + Level 2.0 Polearms
 + Level 2.0 Staves
 + Level 2.0 Slings
 + Level 2.0 Bows
 + Level 2.0 Crossbows
 + Level 2.0 Throwing
 + Level 2.0 Armour
 + Level 5.0 Dodging
 + Level 4.6 Stealth
 + Level 2.0 Shields
 + Level 2.0 Unarmed Combat
 + Level 7.4 Spellcasting
 + Level 2.6 Conjurations
 + Level 1.6 Hexes
 + Level 1.6 Charms
 + Level 2.6 Summonings
 + Level 1.6 Necromancy
 + Level 2.6 Translocations
 + Level 1.6 Transmutations
 + Level 1.6 Fire Magic
 + Level 1.6 Ice Magic
 + Level 1.6 Air Magic
 + Level 1.6 Earth Magic
 + Level 1.6 Poison Magic
 + Level 2.2 Invocations
 + Level 2.0 Evocations


You had 8 spell levels left.
You knew the following spells:

 Your Spells              Type           Power        Failure   Level  Hunger
a - Magic Dart            Conj           ###.         1%          1    None
b - Call Imp              Summ           ###.....     1%          2    None
c - Conjure Flame         Conj/Fire      ###.....     4%          3    None
d - Mephitic Cloud        Conj/Pois/Air  ###.....     4%          3    None
g - Blink                 Tloc           N/A          1%          2    None


Dungeon Overview and Level Annotations

Branches:
Dungeon (4/15)
 Temple: D:4-7

Altars:
Makhleb
Yredelemnul

Annotations:
D:3 tyranidshit's ghost, amateur DsAK


Innate Abilities, Weirdness & Mutations

Your experience applies equally to all skills.
You have very sharp teeth.
Your uncanny sense of smell can sniff out nearby items.


Message History

The ball python bites you.
* * * LOW HITPOINT WARNING * * *
The ball python misses you.
An adder comes into view.
It was a potion of magic.
Magic courses through your body.
The bullfrog closely misses you. x2; The adder bites you but does no damage.
The ball python bites you but does no damage.
The ball python grabs you.
* * * LOW HITPOINT WARNING * * *
The ball python constricts you. The bullfrog misses you.
You block the bullfrog's attack.
It was a potion of curing.
You feel better.
The ball python bites you but does no damage.
The bullfrog barely misses you. The bullfrog hits you.
* * * LOW HITPOINT WARNING * * *
The ball python loses its grip on you. The adder bites you but does no damage.
The ball python completely misses you. The ball python closely misses you.
The bullfrog misses you. The bullfrog hits you!
You die...

#...÷..≈≈≈≈≈≈≈#≈≈≈≈≈≈≈.
#..÷.##################
##...## #...#####
#....'..# #....#..#
##...####
#....##################
#.....@FS≈≈≈≈≈≈≈≈≈≈≈≈≈#
##...SSF≈≈≈≈≈≈≈≈≈≈≈≈≈≈.
#....≈S≈≈≈≈≈≈≈≈l≈≈≈≈#.
#.....≈≈≈≈≈≈≈≈≈≈≈≈≈≈≈≈
##...S≈≈≈≈≈#≈..≈#≈≈≈≈≈
###.#≈≈≈≈≈≈≈≈≈≈≈≈≈≈≈.
###################


You could see 2 bullfrogs, 3 adders and 2 ball pythons.

Vanquished Creatures
  An orc priest (D:3)
  A centaur skeleton (D:4)
  An orc wizard (D:3)
  A worker ant (D:4)
  A hound skeleton (D:2)
  10 adders
  4 river rats (Sewer)
  4 oozes
  7 worms
  3 orcs (D:3)
  9 bats
  2 giant cockroaches
  4 hobgoblins
  5 jackals
  4 ball pythons (Sewer)
  7 frilled lizards
  5 goblins
  6 kobolds
  28 rats
103 creatures vanquished.

Notes
Turn   | Place    | Note
-------+----------+-------------------------------------------
     0 | D:1      | wilfster70 the Gnoll Wizard began the quest for the Orb.
     0 | D:1      | Reached XP level 1. HP: 13/13 MP: 8/8
   160 | D:1      | Reached XP level 2. HP: 15/19 MP: 1/10
   449 | D:1      | Reached XP level 3. HP: 21/25 MP: 0/11
   453 | D:1      | Learned a level 2 spell: Blink
   456 | D:1      | Learned a level 2 spell: Call Imp
   460 | D:1      | Learned a level 3 spell: Conjure Flame
   464 | D:1      | Learned a level 3 spell: Mephitic Cloud
   975 | D:2      | Found a burning altar of Makhleb.
   981 | D:2      | Reached skill level 1 in Invocations
  1328 | D:2      | Reached skill level 1 in Fighting
  1328 | D:2      | Reached skill level 1 in Short Blades
  1328 | D:2      | Reached skill level 1 in Long Blades
  1328 | D:2      | Reached skill level 1 in Axes
  1328 | D:2      | Reached skill level 1 in Maces & Flails
  1328 | D:2      | Reached skill level 1 in Polearms
  1328 | D:2      | Reached skill level 1 in Staves
  1328 | D:2      | Reached skill level 1 in Slings
  1328 | D:2      | Reached skill level 1 in Bows
  1328 | D:2      | Reached skill level 1 in Crossbows
  1328 | D:2      | Reached skill level 1 in Throwing
  1328 | D:2      | Reached skill level 1 in Armour
  1328 | D:2      | Reached skill level 1 in Shields
  1328 | D:2      | Reached skill level 1 in Unarmed Combat
  1328 | D:2      | Reached skill level 1 in Evocations
  1328 | D:2      | Reached XP level 4. HP: 32/32 MP: 13/13
  1673 | D:3      | Found a basalt altar of Yredelemnul.
  1715 | D:3      | Reached skill level 1 in Hexes
  1715 | D:3      | Reached skill level 1 in Charms
  1715 | D:3      | Reached skill level 1 in Necromancy
  1715 | D:3      | Reached skill level 1 in Transmutations
  1715 | D:3      | Reached skill level 1 in Fire Magic
  1715 | D:3      | Reached skill level 1 in Ice Magic
  1715 | D:3      | Reached skill level 1 in Air Magic
  1715 | D:3      | Reached skill level 1 in Earth Magic
  1715 | D:3      | Reached skill level 1 in Poison Magic
  2086 | D:3      | Reached XP level 5. HP: 26/37 MP: 9/14
  2382 | D:3      | Noticed tyranidshit's ghost (amateur DsAK)
  2811 | D:4      | Reached XP level 6. HP: 21/44 MP: 3/16
  3204 | D:4      | Found a glowing drain.
  3208 | Sewer    | Entered a sewer
  3532 | Sewer    | Reached skill level 5 in Dodging
  4052 | Sewer    | HP: 2/44 [ball python (1)]
  4054 | Sewer    | Slain by a bullfrog

Skill      XL: |  1  2  3  4  5  6 |
---------------+-------------------+-----
Conjurations   | 2 |  2.6
Summonings     | 2 |  2.6
Translocations | 2 |  2.6
Invocations    | 1 2 |  2.2
Fighting       | 1 2 |  2.0
Short Blades   | 1 2 |  2.0
Long Blades    | 1 2 |  2.0
Axes           | 1 2 |  2.0
Maces & Flails | 1 2 |  2.0
Polearms       | 1 2 |  2.0
Staves         | 1 2 |  2.0
Slings         | 1 2 |  2.0
Bows           | 1 2 |  2.0
Crossbows      | 1 2 |  2.0
Throwing       | 1 2 |  2.0
Armour         | 1 2 |  2.0
Shields        | 1 2 |  2.0
Unarmed Combat | 1 2 |  2.0
Evocations     | 1 2 |  2.0
Hexes          | 1 |  1.6
Charms         | 1 |  1.6
Necromancy     | 1 |  1.6
Transmutations | 1 |  1.6
Fire Magic     | 1 |  1.6
Ice Magic      | 1 |  1.6
Air Magic      | 1 |  1.6
Earth Magic    | 1 |  1.6
Poison Magic   | 1 |  1.6
Dodging        | 5 |  5.0
Stealth        | |  4.6
Spellcasting   | |  7.4

Action                   |  1- 3 |  4- 6 || total
-------------------------+-------+-------++-------
Melee: Dagger            |    15 |    41 ||    56
       Unarmed           |     2 |       ||     2
       Bite              |     1 |     6 ||     7
 Fire: Hunting sling     |    10 |    24 ||    34
 Cast: Magic Dart        |    61 |   202 ||   263
  Use: Scroll            |     2 |     5 ||     7
       Potion            |       |     2 ||     2
  Eat: Chunk             |     1 |     8 ||     9
Armor: Robe              |     5 |    22 ||    27
Dodge: Dodged            |    34 |   127 ||   161
Block: Other             |       |    14 ||    14
